 Dungeon Crawl Stone Soup version 0.23.2-1-ga50397a (webtiles) character file.

Game seed: 6246801728744447364

98 xveg the Chiller (level 4, -1/21 HPs)
             Began as a Vine Stalker Ice Elementalist on May 7, 2019.
             Slain by an ice beast (3 damage)
             ... on level 2 of the Dungeon.
             The game lasted 00:08:54 (2529 turns).

xveg the Chiller (Vine Stalker Ice Elementalist)    Turns: 2529, Time: 00:08:55

Health: -1/21      AC:  2    Str:  8 (11) XL:     4   Next: 69%
Magic:  0/9        EV: 17    Int: 14 (16) God:
Gold:   62         SH:  0    Dex: 13 (14) Spells: 3/9 levels left

rFire    + . .     SeeInvis .   j - +0 trident
rCold    + . .     Gourm    .   (no shield)
rNeg     . . .     Faith    .   a - +0 robe
rPois    .         Spirit   +   (no helmet)
rElec    .         Reflect  .   b - scarf {rC+ rF+}
rCorr    .         Harm     .   (no gloves)
MR       .....                  (no boots)
Stlth    ++........             (no amulet)
HPRegen  0.47/turn              d - +5 ring of evasion
MPRegen  0.11/turn              (no ring)

@: no status effects
A: fangs 2, regeneration 1, magic shield, antimagic bite, no potion heal 3, rot
immunity
a: no special abilities


You were on level 2 of the Dungeon.
You were not hungry.

You visited 1 branch of the dungeon, and saw 3 of its levels.

You collected 62 gold pieces.

Inventory:

Hand Weapons
 j - a +0 trident (weapon)
Missiles
 e - 29 sling bullets
Armour
 a - a +0 robe (worn)
 b - a scarf of resistance (worn)
Jewellery
 d - a +5 ring of evasion (left hand)
Scrolls
 f - 2 scrolls of remove curse
 g - 3 scrolls of identify
Comestibles
 c - 3 rations


   Skills:
 + Level 0.1 Fighting
 + Level 0.5 Polearms
 + Level 0.2 Throwing
 + Level 2.1 Dodging
 + Level 2.8 Stealth
 + Level 0.5 Unarmed Combat
 + Level 3.1 Spellcasting
 + Level 1.4 Conjurations
 + Level 3.6 Ice Magic


You had 3 spell levels left.
You knew the following spells:

 Your Spells              Type           Power        Failure   Level  Hunger
a - Freeze                Ice            ##..         4%          1    #......
b - Throw Frost           Conj/Ice       #.....       12%         2    ##.....
c - Ozocubu's Armour      Chrm/Ice       #.......     30%         3    ###....

Your spell library contained the following spells:

 Spells                   Type           Power        Failure   Level  Hunger
 Throw Icicle             Conj/Ice       #.......     58%         4    #####..
 Summon Ice Beast         Ice/Summ       #.......     69%         4    #####..


Dungeon Overview and Level Annotations

Branches:
Dungeon (3/15)

Altars:


Innate Abilities, Weirdness & Mutations

You have extremely sharp teeth.
Your natural rate of healing is unusually fast.
When hurt, damage is shared between your health and your magic reserves.
Your bite disrupts and absorbs the magic of your enemies.
Potions cannot restore your health.
You are immune to rotting.


Message History

Casting: Freeze (safe; 4% risk of failure)
Confirm with . or Enter, or press ? or * to list all spells.
You don't have enough magic to cast that spell.
Unknown command.
You see here a +0 dagger.
There is a stone staircase leading up here.
You can't go down here!
The ice beast barely misses you.
You climb upwards.
There is a stone staircase leading down here.
You closely miss the ice beast.
The ice beast is heavily wounded.
The ice beast hits you. The ice beast freezes you. You resist.
* * * LOW HITPOINT WARNING * * *
You hit the ice beast but do no damage.
The ice beast is heavily wounded.
The ice beast hits you.
* * * LOW HITPOINT WARNING * * *
The ice beast freezes you. You resist.
You die...

#.##......#...##.#
#.##..#####..#...#
###'##.....##..#.###
#...)...##.#.#<..######
#.......##.#...#.......
#.......##.....#.......
#.......####...#.......
#.....Y.##.....########
#.....@.+#.######......
#.......##(..# #.#####
#.......####.####.#....
###....#.......##.#.##.
#..####.###.#.#....##.
#####..####.#
#.#.#..#####
#.........#.# #.......#
#.###...#.#.# ###.#..##
#.#.....#...# #.##.#


You could see an ice beast.

Vanquished Creatures
  4 adders
  2 oozes
  3 worms (D:2)
  A dart slug (D:1)
  3 leopard geckos
  A giant cockroach (D:2)
  6 goblins
  4 hobgoblins
  2 kobolds
  2 quokkas (D:2)
  7 bats
  A frilled lizard (D:2)
  4 rats (D:2)
40 creatures vanquished.

Notes
Turn   | Place    | Note
-------+----------+-------------------------------------------
     0 | D:1      | xveg the Vine Stalker Ice Elementalist began the quest for
                  | the Orb.
     0 | D:1      | Reached XP level 1. HP: 9/9 MP: 4/4
   172 | D:1      | Reached XP level 2. HP: 11/13 MP: 3/6
   968 | D:2      | Reached XP level 3. HP: 16/16 MP: 3/7
   972 | D:2      | Learned a level 2 spell: Throw Frost
   976 | D:2      | Learned a level 3 spell: Ozocubu's Armour
  1830 | D:2      | Gained mutation: Your natural rate of healing is unusually
                  | fast. [Vine Stalker growth]
  1830 | D:2      | Reached XP level 4. HP: 11/21 MP: 5/9
  2476 | D:3      | Noticed an ice beast
  2490 | D:3      | HP: 1/21 [ice beast (2)]
  2510 | D:3      | HP: 1/21 [ice beast (4)]
  2529 | D:2      | Slain by an ice beast

Skill      XL: |  1  2  3 |
---------------+----------+-----
Dodging        | 2 |  2.1
Spellcasting   | 3 |  3.1
Fighting       | |  0.1
Polearms       | |  0.5
Throwing       | |  0.2
Stealth        | |  2.8
Unarmed Combat | |  0.5
Conjurations   | |  1.4
Ice Magic      | |  3.6

Action                   |  1- 3 |  4- 6 || total
-------------------------+-------+-------++-------
Melee: Unarmed           |    17 |       ||    17
       Trident           |    32 |    49 ||    81
       Bite              |     5 |     7 ||    12
Throw: Javelin           |    17 |     3 ||    20
 Cast: Freeze            |    24 |     1 ||    25
       Throw Frost       |    15 |     9 ||    24
  Use: Scroll            |     1 |     2 ||     3
       Potion            |       |     5 ||     5
  Eat: Chunk             |     4 |       ||     4
       Ration            |       |     1 ||     1
Armor: Robe              |     7 |    10 ||    17
Dodge: Dodged            |    94 |    52 ||   146
